 Dungeon Crawl Stone Soup version 0.24-a0-22-g2a401c0 (webtiles) character file.

Game seed: 6007251695957292591

142 Lanoc the Chopper (level 5, 0/45 HPs)
             Began as a Minotaur Gladiator on Feb 1, 2019.
             Slain by Grinder (6 damage)
             ... on level 3 of the Dungeon.
             The game lasted 00:02:03 (1689 turns).

Lanoc the Chopper (Minotaur Gladiator)              Turns: 1689, Time: 00:02:04

Health: 0/45       AC:  3    Str: 19    XL:     5   Next: 3%
Magic:  4/4        EV: 13    Int:  5    God:
Gold:   111        SH:  0    Dex: 12    Spells: 4/4 levels left

rFire    . . .     SeeInvis .   a - +0 war axe
rCold    . . .     Gourm    .   (no shield)
rNeg     . . .     Faith    .   b - +0 leather armour
rPois    .         Spirit   .   c - +0 hat
rElec    .         Reflect  .   (no cloak)
rCorr    .         Harm     .   (no gloves)
MR       .....                  (no boots)
Stlth    +.........             (no amulet)
HPRegen  0.15/turn              (no ring)
MPRegen  0.09/turn              (no ring)

@: no status effects
A: retaliatory headbutt, horns 2
a: no special abilities


You were on level 3 of the Dungeon.
You were hungry.

You visited 1 branch of the dungeon, and saw 3 of its levels.

You collected 111 gold pieces.

Inventory:

Hand Weapons
 a - a +0 war axe (weapon)
Missiles
 d - 3 throwing nets (quivered)
Armour
 b - a +0 leather armour (worn)
 c - a +0 hat (worn)
Wands
 q - a wand of disintegration (14)
Scrolls
 g - a scroll of fog {unknown}
 k - 3 scrolls of identify {unknown}
 m - 3 scrolls of teleportation {unknown}
 n - 3 scrolls of magic mapping {unknown}
 o - 3 scrolls of remove curse {unknown}
 r - 2 scrolls of blinking {unknown}
 t - a scroll of enchant armour {unknown}
Potions
 e - a potion of mutation {unknown}
 h - a potion of curing {unknown}
 i - a potion of lignification {unknown}
 j - a potion of heal wounds {unknown}
 l - 2 potions of flight {unknown}
 s - a potion of haste {unknown}
Comestibles
 f - 6 rations


   Skills:
 + Level 3.5 Fighting
 * Level 5.2 Axes
 - Level 2.0 Throwing
 + Level 2.2 Armour
 + Level 4.0 Dodging


You had 4 spell levels left.
You didn't know any spells.
Your spell library was empty.

Dungeon Overview and Level Annotations

Branches:
Dungeon (3/15)

Altars:
Dithmenos

Annotations:
D:3 Grinder


Innate Abilities, Weirdness & Mutations

You reflexively headbutt those who attack you in melee.
You have a pair of horns on your head.


Message History

A dart slug comes into view.
Unknown command.
You barely miss Grinder.
Grinder is moderately wounded.
Grinder says, "You look like you could use a good racking."
Grinder misses you. Grinder closely misses you. You furiously retaliate!
You headbutt Grinder. You closely miss Grinder.
Grinder is moderately wounded.
Grinder barely misses you.
You closely miss Grinder. You headbutt Grinder.
Grinder is moderately wounded.
Grinder hits you!
You writhe in agony.
* * * LOW HITPOINT WARNING * * *
You barely miss Grinder. You headbutt Grinder.
Grinder is heavily wounded.
Grinder hits you!
* * * LOW HITPOINT WARNING * * *
You writhe in agony.
You die...

#...##.... #..# ##... .
#...##.... ..##.........
.........##..
..##.##.###..
........##..#
#..############.##.....#
#....w5@.$.......†......
...############.##.##...
########.##.##.##
......†........##
########....##.##
#.#.###<## #.#.# #...
##### #.#.###.## #...#
###.##....


You could see Grinder and a dart slug.

Vanquished Creatures
  Jessica (D:2)
  Ijyb (D:3)
  3 adders
  A dart slug (D:1)
  2 leopard geckos
  6 orcs (D:3)
  A giant cockroach (D:2)
  9 goblins
  7 hobgoblins
  9 kobolds
  A quokka (D:3)
  A ball python (D:1)
  6 bats
  A frilled lizard (D:1)
  6 rats
55 creatures vanquished.

Notes
Turn   | Place    | Note
-------+----------+-------------------------------------------
     0 | D:1      | Lanoc the Minotaur Gladiator began the quest for the Orb.
     0 | D:1      | Reached XP level 1. HP: 18/18 MP: 0/0
   330 | D:1      | Reached XP level 2. HP: 25/25 MP: 1/1
   379 | D:1      | Reached skill level 4 in Axes
   524 | D:1      | Reached skill level 1 in Armour
   658 | D:1      | Reached XP level 3. HP: 13/30 MP: 2/2
  1067 | D:2      | Noticed Jessica
  1071 | D:2      | Killed Jessica
  1071 | D:2      | Reached XP level 4. HP: 20/38 MP: 3/3
  1310 | D:2      | You fall through a shaft!
  1324 | D:3      | Noticed Ijyb
  1331 | D:3      | Killed Ijyb
  1331 | D:3      | Reached skill level 5 in Axes
  1436 | D:3      | Found a shadowy altar of Dithmenos.
  1473 | D:3      | Reached XP level 5. HP: 34/45 MP: 4/4
  1678 | D:3      | Noticed Grinder
  1683 | D:3      | Paralysed by Grinder for 2 turns
  1689 | D:3      | Slain by Grinder

Vault maps used:
D:1:      psy_arrival_dodecagon
D:2:      first_ration, uniq_jessica
D:3:      nicolae_dithmenos_shadow_blocks, uniq_ijyb, uniq_grinder

Skill      XL: |  1  2  3  4 |
---------------+-------------+-----
Axes           | 4 5 |  5.2
Armour         | 1 2 |  2.2
Fighting       | 3 |  3.5
Dodging        | 4 |  4.0
Throwing       | |  2.0

Action                   |  1- 3 |  4- 6 || total
-------------------------+-------+-------++-------
Melee: War axe           |    61 |    47 ||   108
       Headbutt          |     9 |     5 ||    14
  Eat: Chunk             |       |     2 ||     2
Armor: Leather armour    |    12 |     9 ||    21
Dodge: Dodged            |    35 |    25 ||    60

Table legend:
 A = Non-vault XP
 B = Vault XP
 C = Vault XP percentage of total XP
 D = Non-vault monster count
 E = Vault monster count
 F = Vault count percentage of total count
                 A         B        C        D         E       F
            +---------+---------+-------+---------+---------+-------
      Total |     130 |      73 |  36.0 |      53 |       2 |   3.6
            +---------+---------+-------+---------+---------+-------
        D:1 |      42 |       0 |   0.0 |      25 |       0 |   0.0
        D:2 |      43 |      37 |  46.2 |      12 |       1 |   7.7
        D:3 |      45 |      36 |  44.4 |      16 |       1 |   5.9
            +---------+---------+-------+---------+---------+-------
